 Dungeon Crawl Stone Soup version 0.17.1-3-g152610e (webtiles) character file.

1266 senseless the Skirmisher (level 8, -1/73 HPs)
             Began as a Yellow Draconian Monk on Apr 20, 2016.
             Was a Believer of Cheibriados.
             Slain by Prince Ribbit (9 damage)
             ... on level 5 of the Dungeon.
             The game lasted 00:16:21 (4937 turns).

senseless the Skirmisher (Yellow Draconian Monk)    Turns: 4937, Time: 00:16:22

Health: -1/73      AC:  6    Str: 18    XL:     8   Next: 27%
Magic:  11/11      EV: 15    Int: 15    God:    Cheibriados [**....]
Gold:   206        SH:  0    Dex: 19    Spells: 1 memorised, 11 levels left

rFire  + . .     SeeInvis .       - Unarmed
rCold  . . .     Clarity  .     (armour unavailable)
rNeg   . . .     SustAt   .     (no shield)
rPois  +         Gourm    .     (helmet restricted)
rElec  .         Spirit   .     (no cloak)
rCorr  +         Warding  .     (no gloves)
rMut   .         Stasis   .     (no boots)
MR     .....                    (no amulet)
Stlth  ++........               j - ring of protection from fire
                                e - ring of poison resistance

@: short of breath, very slow, not resistant to hostile enchantments, unstealthy
A: spit acid, acid resistance, unfitting armour, cold-blooded, AC +6
a: Spit Acid, Bend Time, Renounce Religion


You were on level 5 of the Dungeon.
You worshipped Cheibriados.
Cheibriados was pleased with you.
You were hungry.

You visited 1 branch of the dungeon, and saw 5 of its levels.

You collected 206 gold pieces.

Inventory:

Jewellery
 e - a ring of poison resistance (left hand)
 j - a ring of protection from fire (right hand)
 n - an uncursed ring of ice
Wands
 i - a wand of enslavement (12)
 v - a wand of confusion (32)
Scrolls
 m - a scroll of remove curse {unknown}
 p - 3 scrolls of recharging
 q - a scroll of identify
Potions
 b - a potion of heal wounds
 c - 2 potions of haste
 d - a potion of cure mutation
 f - a potion of mutation {unknown}
 g - 3 potions of invisibility
 k - 2 potions of cancellation
 l - 2 potions of curing {unknown}
 s - a potion of degeneration {unknown}
 t - a potion of beneficial mutation {unknown}
 u - a potion of might {unknown}
Books
 h - a book of Flames

   Spells                             Type                      Level
   a - Flame Tongue                   Conjuration/Fire             1
   b - Throw Flame                    Conjuration/Fire             2
   c - Conjure Flame                  Conjuration/Fire             3
   d - Inner Flame                    Hexes/Fire                   3
   e - Sticky Flame                   Conjuration/Fire             4
   f - Fireball                       Conjuration/Fire             5
Comestibles
 a - 4 bread rations
 o - 2 beef jerkies
 r - a meat ration


   Skills:
 * Level 7.1 Fighting
 + Level 4.7 Dodging
 - Level 1.7 Stealth
 + Level 6.0 Unarmed Combat
 + Level 2.6 Spellcasting
 + Level 2.5 Conjurations
 + Level 2.6 Fire Magic


You had 11 spell levels left.
You knew the following spells:

 Your Spells              Type           Power        Failure   Level  Hunger
a - Flame Tongue          Conj/Fire      #....        10%         1    #......


Dungeon Overview and Level Annotations

Branches:
Dungeon (5/15)
 Temple: D:4-7

Altars:
Cheibriados
Dithmenos
Elyvilon
Nemelex Xobeh
Okawaru

Annotations:
D:5 Prince Ribbit


Innate Abilities, Weirdness & Mutations

You can spit globs of acid.
You are resistant to acid.
Your golden yellow scales are hard (AC +6).
Your body does not fit into most forms of armour.
You are cold-blooded and may be slowed by cold attacks.


Message History

Prince Ribbit is heavily wounded.
Prince Ribbit misses you.
You hit Prince Ribbit.
Your tail-slap passes through Prince Ribbit as he momentarily phases out.
Prince Ribbit is heavily wounded.
Prince Ribbit barely misses you.
You closely miss Prince Ribbit.
Prince Ribbit is heavily wounded.
Prince Ribbit hits you but does no damage.
Prince Ribbit barely misses you.
You closely miss Prince Ribbit.
Prince Ribbit is heavily wounded.
You have got your breath back.
Prince Ribbit hits you!
* * * LOW HITPOINT WARNING * * *
Press: ? - help, Shift-Dir - straight line, f/p - Prince Ribbit
Aim: Prince Ribbit (heavily wounded, covered in acid)
You spit a glob of acid.
The acid misses Prince Ribbit.
You feel somewhat more hungry. Prince Ribbit hits you!
You die...

.................#.#.....
######'##########.#.....
#.# #.#..... #.# #.+.....
#######)######## ###.....
..(...(.)....... ......#
.≈......)....... ........
.≈≈........#.### ##.####.
≈≈≈..)..@..# # #. .
§≈≈.....F..# #
§≈≈........# #
P≈..#......#.#
#####.....!#.# ###
#......#.# ###..
#......#.# #....
#......#.# #####.. #.#
#.#....#..


You could see Prince Ribbit.

Vanquished Creatures
  Pikel (D:4)
  Sigmund (D:4)
  2 ice beasts (D:5)
  A slave (D:4)
  A scorpion (D:5)
  A jelly (D:3)
  Terence (D:2)
  A giant frog skeleton (D:5)
  2 orc wizards (D:3)
  2 worker ants (D:4)
  Robin (D:2)
  A shadow imp (D:5)
  8 adders
  3 oozes
  3 worms
  An adder skeleton (D:4)
  4 giant geckos
  17 orcs
  2 ball pythons (D:3)
  4 giant cockroaches
  10 hobgoblins
  4 jackals (D:3)
  9 kobolds
  9 bats
  7 giant newts
  14 goblins
  12 rats
122 creatures vanquished.

Vanquished Creatures (others)
  A giant cockroach (D:4)
  A ball python (D:4)
2 creatures vanquished.

Grand Total: 124 creatures vanquished

Notes
Turn   | Place    | Note
--------------------------------------------------------------
     0 | D:1      | senseless the Draconian Monk began the quest for the Orb.
     0 | D:1      | Reached XP level 1. HP: 19/19 MP: 1/1
   356 | D:1      | Reached XP level 2. HP: 20/26 MP: 2/2
  1021 | D:2      | Found a white marble altar of Elyvilon.
  1051 | D:2      | Reached XP level 3. HP: 17/33 MP: 3/3
  1370 | D:2      | Noticed Robin
  1376 | D:2      | Killed Robin
  1387 | D:2      | Reached XP level 4. HP: 35/40 MP: 4/4
  1590 | D:2      | Noticed Terence
  1606 | D:2      | Killed Terence
  1802 | D:2      | Found a sparkling altar of Nemelex Xobeh.
  2026 | D:2      | Reached XP level 5. HP: 44/47 MP: 5/5
  2316 | D:3      | Reached skill level 5 in Unarmed Combat
  2841 | D:3      | Reached skill level 5 in Fighting
  3212 | D:3      | Reached skill level 1 in Spellcasting
  3212 | D:3      | Reached XP level 6. HP: 44/56 MP: 7/7
  3215 | D:3      | Learned a level 1 spell: Flame Tongue
  3329 | D:3      | Found an iron altar of Okawaru.
  3567 | D:4      | Found a shadowy altar of Dithmenos.
  3725 | D:4      | Noticed Pikel
  3775 | D:4      | Killed Pikel
  3775 | D:4      | Reached skill level 6 in Fighting
  3775 | D:4      | Reached skill level 1 in Conjurations
  3775 | D:4      | Reached skill level 1 in Fire Magic
  3775 | D:4      | Your scales start taking on a golden yellow colour.
  3775 | D:4      | Reached XP level 7. HP: 13/64 MP: 7/10
  4006 | D:4      | Noticed Sigmund
  4011 | D:4      | Killed Sigmund
  4320 | D:5      | Entered Level 5 of the Dungeon
  4359 | D:5      | Found a snail-covered altar of Cheibriados.
  4363 | D:5      | Became a worshipper of Cheibriados the Contemplative
  4363 | D:5      | Reached * piety under Cheibriados
  4363 | D:5      | Reached ** piety under Cheibriados
  4389 | D:5      | Reached XP level 8. HP: 59/71 MP: 11/11
  4420 | D:5      | Noticed Prince Ribbit
  4770 | D:5      | Reached skill level 7 in Fighting
  4937 | D:5      | Slain by Prince Ribbit

Action                   |  1- 3 |  4- 6 |  7- 9 || total
-------------------------+-------+-------+-------++-------
Melee: Unarmed           |   110 |   292 |   121 ||   523
Invok: Bend Time         |       |       |     1 ||     1
 Abil: Spit Acid         |       |       |     6 ||     6
  Use: Scroll            |       |    13 |       ||    13
       Potion            |       |     2 |       ||     2
 Stab: Sleeping          |     3 |     5 |       ||     8
  Eat: Meat ration       |       |     1 |       ||     1
       Chunk             |       |     4 |     4 ||     8
